 Dungeon Crawl Stone Soup version 0.29-a0-613-gf2c431b9b9 (webtiles) character file.

Game seed: 3778073254938678396

3 blackman the Sneak (level 1, 0/18 HPs)
             Began as a Human Delver on June 16, 2022.
             Hit by a stone thrown by a kobold (2 damage)
             ... on level 2 of the Dungeon.
             The game lasted 00:02:58 (283 turns).

blackman the Sneak (Human Delver)                    Turns: 283, Time: 00:02:58

Health: 0/18       AC:  3    Str: 12    XL:     1   Next: 55%
Magic:  1/1        EV: 12    Int: 10    God:
Gold:   0          SH:  0    Dex: 14    Spells: 0/0 levels left

rFire   . . .      SeeInvis .   a - +0 hand axe
rCold   . . .      Faith    .   (no shield)
rNeg    . . .      Spirit   .   b - +0 leather armour
rPois   .          Reflect  .   (no helmet)
rElec   .          Harm     .   (no cloak)
rCorr   .          Rampage  .   (no gloves)
Will    .....                   (no boots)
Stlth   +++.......              (no amulet)
HPRegen 0.06/turn               (no ring)
MPRegen 0.07/turn               (no ring)

@: hasted, very quick
A: no striking features
a: no special abilities


You were on level 2 of the Dungeon.
You visited 1 branch of the dungeon, and saw 5 of its levels.

Inventory:

Hand Weapons
 a - a +0 hand axe (weapon)
 d - a +0 hunting sling
Armour
 b - a +0 leather armour (worn)
Wands
 g - a wand of digging (3)


   Skills:
 + Level 3.0 Fighting
 + Level 2.0 Axes
 + Level 2.0 Dodging
 + Level 5.0 Stealth


You couldn't memorise any spells.
You didn't know any spells.
Your spell library was empty.

Dungeon Overview and Level Annotations

Branches:
Dungeon (6/15)
 Temple: D:4-7

Altars:

Annotations:
D:6 Blork the orc


Message History

The ball python constricts you.
There is a stone staircase leading up, spattered with blood here.
You feel yourself speed up. The kobold barely misses you.
The ball python bites you but does no damage.
The ball python constricts you. The quokka bites you.
* * * LOW HITPOINT WARNING * * *
The ball python's grasp on you weakens, but your attempt to escape fails.
A goblin comes into view. It is wielding a +0 dagger.
The kobold hits you with a +0 short sword.
* * * LOW HITPOINT WARNING * * *
The ball python bites you but does no damage.
The ball python constricts you. The quokka bites you.
* * * LOW HITPOINT WARNING * * *
As you read the scroll of fear, it crumbles to dust.
You assume a fearsome visage.
The ball python looks frightened!
The quokka looks frightened!
The kobold looks frightened!
The ogre looks frightened!
The goblin looks frightened!
The ball python loses its grip on you.
The kobold gives up.
There is a stone staircase leading up here.
You climb upwards.
Found 12 gold pieces and a scroll labelled PURHOU JOGH.
There is a stone staircase leading down here.
The adder hisses angrily.
A steam dragon comes into view.
Found a stone staircase leading up.
Found a knobbly ruby ring and a scroll labelled ZUENTY NIRCHA.
A quokka comes into view.
There is a stone staircase leading up here.
You climb upwards.
The kobold shouts! x2
Found a Young Poisoner's Handbook and a short sword.
There is a stone staircase leading down here.
The endoplasm quivers.
The kobold throws a stone.
The stone closely misses you.
The kobold throws a stone.
The stone hits you but does no damage.
As you read the scroll of fog, it crumbles to dust.
The scroll dissolves into smoke.
The kobold throws a stone.
The stone hits you.
You die...

#. ### .#..
.... ...#
####..# #.
.....# #..
#...# .
#...#.@.# ..
...#...# ...
#.#...# ....
#.....#.....
#.§§§§......
#.§§K##.....
#§§§§# ..:.)
#.#K§##.§§..
#.§§§§§..§..


You could see a kobold.

Vanquished Creatures
  A worm (D:4)
1 creature vanquished.

Notes
Turn   | Place    | Note
-------+----------+-------------------------------------------
     0 | D:5      | blackman the Human Delver began the quest for the Orb.
     0 | D:5      | Reached XP level 1. HP: 18/18 MP: 1/1
    16 | D:6      | Noticed Blork the orc
   118 | D:4      | Noticed an orc wizard
   239 | D:4      | Noticed an orc priest
   245 | D:4      | Noticed an ogre
   261 | D:3      | Noticed a steam dragon
   283 | D:2      | Hit by a stone thrown by a kobold

Illustrated notes

Levels and vault maps discovered:
D:2:      layout_basic
D:3:      layout_basic, minmay_shallow_snake_nest, uniq_crazy_yiuf_cottage,
          uniq_natasha, uniq_robin
D:4:      layout_basic, nicolae_overflow_hallway_of_the_gods, enter_ossuary_5
D:5:      minmay_octagon_keep, layout_loops_ring, hangedman_decor_growths,
          minmay_tree_intersection
D:6:      layout_cave_pods, minmay_temple_entry_tees,
          nicolae_elevator_lobby_plus, uniq_pikel, uniq_eustachio, uniq_duvessa,
          uniq_blork_the_orc, uniq_edmund

Action                   || total
-------------------------++-------
Melee: Hand axe          ||    12
       Punch             ||     1
  Use: Scroll            ||     3
       Potion            ||     1
 Stab: Sleeping          ||     1
Armor: Leather armour    ||     3
Dodge: Dodged            ||    11

Table legend: (Time is in decaauts)
 A = Elapsed time spent in this place.
 B = Non-inter-level travel time spent in this place.
 C = Inter-level travel time spent in this place.
 D = Time resting spent in this place.
 E = Time spent auto-exploring this place.
 F = Levels seen in this place.
 G = Mean time per level.
                   A        B        C        D        E       F      G
               +--------+--------+--------+--------+--------+-----+--------+
         Total |    273 |    269 |      4 |    178 |      0 |   5 |   54.6 |
       Dungeon |    273 |    269 |      4 |    178 |      0 |   5 |   54.6 |
               +--------+--------+--------+--------+--------+-----+--------+

Top non-repeatable levels by time:
     D:4: 223 daAuts
     D:6: 22 daAuts
     D:3: 11 daAuts
     D:5: 9 daAuts
     D:2: 7 daAuts
